 Dungeon Crawl Stone Soup version 0.29.1-1-gd02db6906a (webtiles) character file.

Game seed: 12311678752466010556

37 dave1331 the Shooter (level 3, -3/26 (30) HPs)
             Began as a Minotaur Hunter on Oct 4, 2022.
             Killed from afar by Terence (8 damage)
             ... with a puff of flame
             ... on level 2 of the Dungeon.
             The game lasted 00:01:59 (618 turns).

dave1331 the Shooter (Minotaur Hunter)               Turns: 618, Time: 00:02:03

HP:   -3/26 (30)    AC:  3    Str: 17    XL:     3   Next: 23%
MP:   2/2           EV: 12    Int:  6    God:
Gold: 71            SH:  0    Dex: 13    Spells: 2/2 levels left

rFire   . . .      SeeInvis .   a - +0 shortbow
rCold   . . .      Faith    .   (shield currently unavailable)
rNeg    . . .      Spirit   .   c - +0 leather armour
rPois   .          Reflect  .   (helmet restricted)
rElec   .          Harm     .   (no cloak)
rCorr   .          Rampage  .   (no gloves)
Will    .....                   (no boots)
Stlth   +.........              (no amulet)
HPRegen 0.08/turn               (no ring)
MPRegen 0.08/turn               (no ring)

@: heavily drained
A: horns 2, retaliatory headbutt
a: no special abilities


You were on level 2 of the Dungeon.
You visited 1 branch of the dungeon, and saw 2 of its levels.

You collected 71 gold pieces.

Inventory:

Hand Weapons
 a - a +0 shortbow (weapon)
Armour
 c - a +0 leather armour (worn)
Jewellery
 i - an amulet of magic regeneration
Scrolls
 b - a scroll of immolation
 d - 2 scrolls of identify {unknown}
 g - a scroll of teleportation {unknown}
Potions
 e - a potion of mutation {unknown}
 f - a potion of berserk rage {unknown}
 h - a potion of attraction {unknown}


   Skills:
 + Level 2.7 Fighting
 + Level 5.4 Ranged Weapons
 + Level 0.3 Armour
 + Level 2.3 Dodging
 + Level 0.7 Stealth


You had 2 spell levels left.
You didn't know any spells.
Your spell library contained the following spells:

 Spells                   Type           Power      Damage    Failure   Level
 Ensorcelled Hibernation  Hex/Ice        0%         N/A       65%         2
 Spider Form              Tmut/Pois      0%         N/A       87%         3
 Anguish                  Hex/Necr       0%         N/A       99%         4


Dungeon Overview and Level Annotations

Branches:
Dungeon (2/15)

Altars:
Zin

Annotations:
D:2 Terence


Innate Abilities, Weirdness & Mutations

You have a pair of horns on your head.
You reflexively headbutt those who attack you in melee.


Message History

The endoplasm hits you.
You shoot an arrow. The arrow hits the endoplasm!
You kill the endoplasm!
No target in view!
No target in view!
Terence the Incautious comes into view.
He is wielding a +2 short sword of draining and carrying a wand of flame (27).
You shoot an arrow.
The arrow hits Terence but does no damage.
You shoot an arrow. The arrow closely misses Terence.
You shoot an arrow. The arrow hits Terence.
Terence is lightly wounded.
You shoot an arrow.
The arrow hits Terence but does no damage.
Terence is lightly wounded.
Terence says, "Did you write a will?
You should..."
You shoot an arrow. The arrow hits Terence.
Terence is moderately wounded.
You shoot an arrow. The arrow hits Terence.
Terence is heavily wounded.
Terence hits you with a +2 short sword of draining!
You feel drained.
You shoot an arrow. The arrow hits Terence.
Terence is heavily wounded.
Terence hits you with a +2 short sword of draining.
You feel drained.
You shoot an arrow. The arrow hits Terence.
Terence is heavily wounded.
Terence hits you with a +2 short sword of draining.
You feel drained. Terence barely misses you.
You are too injured to fight recklessly!
You are too injured to fight recklessly!
You are too injured to fight recklessly!
You are too injured to fight recklessly!
Terence attacks as you move away!
Terence hits you with a +2 short sword of draining.
* * * LOW HITPOINT WARNING * * *
You feel drained.
* * * LOW HITPOINT WARNING * * *
Terence zaps a wand.
The puff of flame hits you!
You die...

#####.....
#........#
#........#
##^._.....##..#
#.......#
#..######
#.......#
#........ #..@#
#........ ###.#
#........ #@######
#........ #......#
#>....... #......#
#........ #......#
#........
#......###.......†
#.................
#[.....###........
#......# ######...
#.(....# #....†#


You could see Terence.

Vanquished Creatures
  2 worms (D:2)
  A dart slug (D:1)
  4 ball pythons
  5 endoplasms
  A giant cockroach (D:2)
  2 goblins
  2 hobgoblins (D:2)
  2 kobolds
  A quokka (D:1)
  A bat (D:1)
  A frilled lizard (D:1)
  5 rats
27 creatures vanquished.

Notes
Turn   | Place    | Note
-------+----------+-------------------------------------------
     0 | D:1      | dave1331 the Minotaur Hunter began the quest for the Orb.
     0 | D:1      | Reached XP level 1. HP: 18/18 MP: 0/0
   130 | D:1      | Reached XP level 2. HP: 25/25 MP: 1/1
   205 | D:1      | Reached skill level 5 in Ranged Weapons
   267 | D:1      | You fall into a shaft and drop 1 floor!
   343 | D:2      | Found a faded altar of an unknown god.
   494 | D:2      | Reached XP level 3. HP: 30/30 MP: 2/2
   590 | D:2      | Found a glowing silver altar of Zin.
   608 | D:2      | Noticed Terence
   618 | D:2      | Killed from afar by Terence

Illustrated notes

Levels and vault maps discovered:
D:1:      lemuel_arrival_tunnels, layout_rooms, minmay_split_cup_small
D:2:      layout_rooms, basic_altar, ebering_ecumenical_altar_webs, uniq_terence

Skill      XL: |  1  2 |
---------------+-------+-----
Ranged Weapons | 5 |  5.4
Fighting       | |  2.7
Armour         | |  0.3
Dodging        | |  2.3
Stealth        | |  0.7

Action                   || total
-------------------------++-------
 Fire: Shortbow          ||    81
Armor: Leather armour    ||     8
Dodge: Dodged            ||    11
